 Dungeon Crawl Stone Soup version 0.30.0-5-g1a98f26d00 (webtiles) character file.

Game seed: 2329822480020820559

115019 ryw the Fighter (level 16, -1/120 HPs)
             Began as a Demonspawn Monk on May 11, 2023.
             Was the Champion of Hepliaklqana.
             Killed by the raging water
             ... invoked by a water nymph
              (31 damage)
             ... on level 1 of the Shoals.
             The game lasted 01:17:37 (27170 turns).

ryw the Fighter (Demonspawn Monk)                  Turns: 27170, Time: 01:17:39

Health: -1/120     AC: 33    Str: 26    XL:     16   Next: 17%
Magic:  0/28       EV: 14    Int: 12    God:    Hepliaklqana [******]
Gold:   268        SH: 11    Dex: 14    Spells: 24/32 levels left

rFire   + + .        V - +8 whip "Snakebite" {venom, curare, rPois}
rCold   + . .        U - +6 buckler "Bifreaf" {Rampage Str+3}
rNeg    . . .        J - +18 Lear's hauberk
rPois   +            (helmet currently unavailable)
rElec   .            K - +2 cloak
rCorr   .            (gloves currently unavailable)
SInv    .            (boots currently unavailable)
Will    +....        T - amulet of regeneration Stlth
                     E - +4 ring of slaying
HPRegen 1.20/turn    L - +4 ring of slaying
MPRegen 0.42/turn

%: guardian spirit, rampage
@: lethally poisoned (-1 -> -1), very slow
A: reduced essence, horns 1, magic shield, magic regeneration, magic link,
sturdy frame 1, demonic magic 1, cold resistance 1, fire resistance 2, strong 1,
wild magic 1
a: Renounce Religion, Recall Ancestor, Ancestor Identity, Transference, Idealise


You were on level 1 of the Shoals.
You worshipped Hepliaklqana.
Hepliaklqana was exalted by your worship.
You visited 5 branches of the dungeon, and saw 26 of its levels.
You also visited: Gauntlet.

You collected 2452 gold pieces.
You spent 2184 gold pieces at shops.

Inventory:

Hand Weapons
 V - the +8 whip "Snakebite" (weapon) {venom, curare, rPois}
   (You found it on level 1 of the Lair of Beasts)

   rPois:     It protects you from poison.
Armour
 f - a +2 hat
 m - the +1 robe "Oreyneusta" {Rampage +Inv rF- rC++}
   (You found it on level 2 of the Dungeon)

   rF:        It makes you vulnerable to fire.
   rC:        It greatly protects you from cold.
   +Inv:      It lets you turn invisible.
   Rampage:   It bestows one free step when moving towards enemies.
 J - the +18 Lear's hauberk (worn)
   (You found it on level 6 of the Dungeon)
 K - a +2 cloak (worn)
 U - the +6 buckler "Bifreaf" (worn) {Rampage Str+3}
   (You found it on level 1 of the Lair of Beasts)

   Str:       It affects your strength (+3).
   Rampage:   It bestows one free step when moving towards enemies.
Jewellery
 t - a ring of flight
 w - a ring of see invisible
 E - a +4 ring of slaying (left hand)
 L - a +4 ring of slaying (right hand)
 M - a ring of willpower
 R - a ring of resist corrosion
 T - an amulet of regeneration (around neck)
 Y - a +6 ring of intelligence
Wands
 q - a wand of mindburst (9)
 I - a wand of charming (17)
 N - a wand of flame (65)
 S - a wand of digging (3)
 X - a wand of light (2)
 Z - a wand of roots (9)
Scrolls
 c - 3 scrolls of blinking
 d - 2 scrolls of vulnerability
 e - 5 scrolls of fog
 g - 12 scrolls of teleportation
 h - 8 scrolls of noise
 j - a scroll of butterflies
 k - 4 scrolls of fear
 n - 4 scrolls of immolation
 p - a scroll of enchant armour
 s - 3 scrolls of magic mapping
 y - 8 scrolls of identify
 A - 12 scrolls of amnesia
 D - 2 scrolls of silence
 H - a scroll of torment
 O - 4 scrolls of enchant weapon
 P - a scroll of poison
 Q - a scroll of brand weapon
Potions
 a - 3 potions of berserk rage
 b - 2 potions of ambrosia
 i - a potion of might
 l - 6 potions of lignification
 o - a potion of magic
 r - a potion of invisibility
 u - a potion of attraction
 v - 7 potions of heal wounds
 x - 4 potions of haste
 z - 14 potions of curing
 B - 4 potions of resistance
 C - 3 potions of mutation
 F - 5 potions of brilliance
 G - a potion of cancellation
 W - 4 potions of flight


   Skills:
 + Level 14.4 Fighting
 - Level 12.0 Maces & Flails
 - Level 10.0 Armour
 - Level 10.0 Dodging
 - Level 5.0 Shields
 - Level 3.0 Unarmed Combat
 + Level 8.9 Spellcasting
 + Level 12.7 Summonings
 - Level 7.0 Invocations


You had 24 spell levels left.
You knew the following spells:

 Your Spells              Type           Power      Damage    Failure   Level
a - Summon Small Mammal   Summ           100%       N/A       1%          1
b - Call Canine Familiar  Summ           46%        N/A       1%          3
c - Summon Lightning Spi  Summ/Air       26%        N/A       38%         4

Your spell library contained the following spells:

 Spells                   Type           Power      Damage    Failure   Level
 Summon Guardian Golem    Hex/Summ       26%        N/A       14%         3
 Summon Ice Beast         Ice/Summ       26%        N/A       38%         4
 Beastly Appendage        Tmut           12%        N/A       50%         1
 Kiss of Death            Conj/Necr      24%        2d7       50%         1
 Necrotise                Necr           24%        1d5       50%         1
 Momentum Strike          Conj/Tloc      12%        3d8       63%         2
 Static Discharge         Conj/Air       12%        2-3/arc   63%         2
 Wereblood                Tmut           6%         N/A       63%         2
 Confusing Touch          Hex            6%         N/A       85%         3
 Frozen Ramparts          Ice            12%        1d2       85%         3
 Gell's Gravitas          Tloc           6%         N/A       85%         3
 Ignite Poison            Fire/Tmut/Pois 6%         N/A       85%         3
 Ozocubu's Armour         Ice            6%         N/A       85%         3
 Spider Form              Tmut/Pois      6%         N/A       85%         3
 Teleport Other           Tloc           6%         N/A       85%         3
 Vampiric Draining        Necr           6%         2d6       85%         3
 Airstrike                Air            3%         2d(1-17)  99%         4
 Animate Dead             Necr           6%         N/A       99%         4
 Dispel Undead            Necr           6%         3d8       99%         4
 Ice Form                 Ice/Tmut       6%         N/A       99%         4
 Sticky Flame             Conj/Fire      6%         2d3       99%         4
 Agony                    Necr           6%         N/A       100%        5
 Metabolic Englaciation   Hex/Ice        3%         N/A       100%        5
 Dispersal                Tloc           3%         N/A       100%        6
 Simulacrum               Ice/Necr       3%         N/A       100%        6
 Haunt                    Necr/Summ      13%        N/A       100%        7
 Ozocubu's Refrigeration  Ice            3%         4d8       100%        7
 Spellforged Servitor     Conj/Summ      13%        N/A       100%        7
 Ignition                 Fire           3%         3d4       100%        8
 Infestation              Necr           3%         N/A       100%        8
 Polar Vortex             Ice            3%         N/A       100%        9


Dungeon Overview and Level Annotations

Branches:
Dungeon (15/15)            Temple (1/1) D:7            Lair (5/5) D:10
 Shoals (3/4) Lair:3        Snake (0/4) Lair:3        Slime (0/5) Lair:4
    Orc (2/2) D:10            Elf (0/3) Orc:2        Vaults (0/5) D:13
 Depths (0/4) D:15        Gauntlet (visited)

Altars:
Cheibriados
Dithmenos
Fedhas
Gozag
Hepliaklqana
Kikubaaqudgha
Nemelex Xobeh
Okawaru
Sif Muna
Uskayaw
Vehumet
Wu Jian
Xom
Jiyva

Shops:
D:7 [   D:8 =   D:9 :   D:13 (   Orc:2 ([*(=

Annotations:
D:3 1 runed translucent door, Crazy Yiuf
D:5 3 runed translucent doors, HobsGoblin's ghost, novice TeCj
D:7 2 runed translucent doors
Shoals:2 3 runed translucent doors, Aral's ghost, adept MiBe


Innate Abilities, Weirdness & Mutations

Your life essence is reduced to manifest your ancestor. (-10% HP)
You have a pair of small horns on your head.
When hurt, damage is shared between your health and your magic reserves.
You regenerate magic rapidly.
When low on magic, you restore magic in place of health.
Your movements are slightly less encumbered by armour. (ER -2)
Spells you cast may paralyse adjacent enemies.
Your flesh is cold resistant. (rC+)
Your flesh is very heat resistant. (rF++)
Your muscles are strong. (Str +4, Int/Dex -1)
Your spells are a little harder to cast, but a little more powerful.


Message History

Confirm with . or Enter, or press ? or * to list all spells.
Malevolent energies surge around you.
You feel very sick.
Your quokka disappears in a puff of smoke!
You block the manticore's attack. The manticore misses you.
You block the manticore's attack. The water nymph misses you.
The water nymph points at you and mumbles some strange words.
The water swirls and strikes you!
* * * LOW HITPOINT WARNING * * *
The snapping turtle misses you. You block the merfolk impaler's attack.
Your rat closely misses the water nymph.
The snapping turtle bites you but does no damage.
The merfolk barely misses you.
Casting: Summon Small Mammal (safe; 1% risk of failure)
Confirm with . or Enter, or press ? or * to list all spells.
Malevolent energies surge around you.
You feel sick.
Your quokka disappears in a puff of smoke!
The merfolk impaler hits you from afar with a +0 trident of venom!
* * * LOW HITPOINT WARNING * * *
The manticore misses you. You block the manticore's attack.
The manticore claws you but does no damage.
The water nymph touches you. The water nymph drowns you!
* * * LOW HITPOINT WARNING * * *
You block the water nymph's attack.
The snapping turtle bites you but does no damage.
The snapping turtle closely misses you.
Your rat splashes around in the water.
The merfolk impaler misses you.
The merfolk throws a boomerang.
The boomerang hits your rat!
Your rat dies!
Your rat's corpse disappears in a puff of smoke!
Okay, then.
Unknown command.
You feel much better.
You feel sick.
The manticore bites you but does no damage.
The manticore claws you.
* * * LOW HITPOINT WARNING * * *
You block the manticore's attack. The water nymph closely misses you.
The water nymph gestures at you while chanting.
The water swirls and strikes you!!
You die...

~~~~.......#..
...........[. ~
............ ..
~....~..#.. .~.
~....≈~... ....
~....≈≈≈~#... .
~...~~≈m≈m#....
~...≈~H@~t≈..≈≈
~≈~~.≈m~§t≈≈≈≈≈
≈≈≈~.m~~r.≈≈≈≈≈
≈≈≈~.≈≈.##.≈≈≈≈
~.~~≈≈≈.. .....
# ≈..~~≈≈..
.... ≈≈
~........ ...
≈≈ ..........
... ≈≈


You could see a merfolk impaler, 2 snapping turtles, a merfolk, a manticore, 2
water nymphs and a friendly quokka (summoned).

Vanquished Creatures
  Donald (Shoals:1)
  An orc warlord (Orc:2)
  A deep elf demonologist (Shoals:1)
  A juggernaut skeleton (D:15)
  2 dire elephants (Lair:5)
  A minotaur (Gauntlet)
  2 merfolk impalers (Shoals:2)
  4 hydras
  2 boulder beetles
  2 centaur warriors
  A death knight (D:14)
  An ice dragon (D:13)
  7 two-headed ogres
  2 catoblepae
  3 orc high priests (Orc:2)
  A vampire mage (D:15)
  4 deep elf knights (Shoals:1)
  4 skysharks
  A spectral death yak (Lair:5)
  9 skeletal warriors (D:15)
  5 sea snakes
  A spectral anaconda (Lair:5)
  An obsidian statue (Lair:5)
  2 deep elf archers (Shoals:1)
  2 harpies (Shoals:2)
  6 necromancers
  A golden dragon skeleton (D:15)
  4 orc knights
  A tengu zombie (D:15)
  2 oklob plants (Lair:2)
  5 deep elf pyromancers
  5 orc sorcerers
  8 ugly things (D:15)
  8 manticores
  7 fauns (Shoals:2)
  2 cyclopes
  A moth of wrath (Gauntlet)
  2 merfolk sirens (Shoals:2)
  4 black mambas
  A water nymph (Shoals:2)
  15 elephants
  9 cane toads
  A dire elephant zombie (Lair:5)
  An unseen horror (D:11)
  7 komodo dragons
  2 komodo dragons (shapeshifter) (D:15)
  3 rime drakes
  A rime drake (shapeshifter) (D:13)
  A kobold demonologist (D:13)
  2 efreet
  A guardian mummy (D:15)
  A polar bear (Lair:1)
  3 trolls
  2 merfolk (Shoals:2)
  2 dream sheep (Shoals:2)
  A hornet (D:11)
  13 blink frogs
  2 snapping turtles (Shoals:2)
  7 slime creatures
  A centaur simulacrum (D:15)
  An ettin skeleton (D:15)
  3 wyverns
  Sigmund (D:4)
  A water elemental (Shoals:1)
  2 wraiths
  A fire elemental (Gauntlet)
  26 yaks
  2 vampires
  2 basilisks
  A steam dragon (D:6)
  A vampire mosquito (D:10)
  A naga (Lair:3)
  A spectral cane toad (Lair:5)
  4 wargs
  4 acid dragons
  10 water moccasins
  3 hell hounds (Gauntlet)
  17 orc warriors
  4 ice beasts
  A black bear (D:5)
  An elephant zombie (Lair:5)
  15 wolves
  4 ogres
  9 centaurs
  A kobold brigand (D:13)
  9 bullfrogs
  A gnoll sergeant (D:7)
  3 cane toad simulacra (Lair:5)
  A scorpion (D:5)
  5 wights
  Dowan (D:7)
  4 killer bees
  An electric eel (Lair:5)
  2 howler monkeys
  2 lava snakes (D:15)
  2 hounds
  5 jellies
  A gnoll bouda (D:6)
  19 orc priests
  A sleepcap (D:6)
  6 iguanas
  18 orc wizards
  10 adders
  13 gnolls
  3 shadow imps
  A white imp (D:7)
  2 ufetubi
  A worm (D:4)
  2 dart slugs (D:3)
  45 orcs
  3 bats
  5 endoplasms
  3 giant cockroaches
  6 goblins
  2 hobgoblins (D:1)
  3 jackals (D:1)
  10 kobolds
  3 quokkas
  2 training dummies (Orc:2)
  8 ball pythons
  2 frilled lizards (D:3)
  2 rats
  4 tentacles (Shoals:2)
520 creatures vanquished.

Vanquished Creatures (collateral kills)
  A kraken (Shoals:2)
  A dire elephant (Lair:5)
  2 two-headed ogres
  A centaur warrior (D:13)
  A merfolk aquamancer (Shoals:2)
  A death yak (Lair:5)
  A deep elf archer (Shoals:1)
  6 harpies (Shoals:2)
  A deep elf pyromancer (Shoals:1)
  2 deep elf zephyrmancers (Shoals:1)
  An ugly thing (D:15)
  An oklob plant (Gauntlet)
  2 fauns (Shoals:2)
  A manticore (Shoals:2)
  A black mamba (Lair:5)
  2 cane toads
  A rime drake (Lair:4)
  2 komodo dragons
  A troll (D:7)
  A merfolk (Shoals:2)
  A hornet (D:8)
  2 dream sheep (Shoals:2)
  7 blink frogs
  5 slime creatures
  2 vampires (D:10)
  11 yaks
  A fire elemental (Gauntlet)
  4 vampire mosquitoes
  2 steam dragons (D:8)
  3 wargs
  4 water moccasins
  An acid dragon (D:9)
  Duvessa (D:7)
  8 orc warriors
  An elephant zombie (Lair:5)
  A sky beast (D:8)
  5 wolves
  2 ogres
  A phantom (D:7)
  4 centaurs
  A kobold brigand (D:8)
  2 bullfrogs (Lair:1)
  7 wights
  A cane toad simulacrum (Lair:5)
  3 killer bees
  3 howler monkeys (D:10)
  2 gnoll boudas
  A hound (D:6)
  A jelly (Lair:4)
  7 orc priests
  2 sleepcaps (D:6)
  An iguana (D:6)
  7 orc wizards
  A mummy (D:8)
  2 gnolls (D:7)
  A shadow imp (D:6)
  20 orcs
  A training dummy (Orc:2)
  A kobold (D:13)
160 creatures vanquished.

Vanquished Creatures (others)
  A water elemental (Shoals:2)
  3 orc wizards
  16 knights
  8 tentacles (Shoals:2)
28 creatures vanquished.

Grand Total: 708 creatures vanquished

Notes
Turn   | Place    | Note
-------+----------+-------------------------------------------
     0 | D:1      | ryw the Demonspawn Monk began the quest for the Orb.
     0 | D:1      | Reached XP level 1. HP: 18/18 MP: 1/1
   137 | D:1      | Gained mutation: You have a pair of small horns on your
                  | head. [demonic ancestry]
   137 | D:1      | Reached XP level 2. HP: 16/24 MP: 2/2
  1163 | D:2      | Identified the +1 robe "Oreyneusta" {Rampage +Inv rF- rC++}
  1207 | D:2      | Reached XP level 3. HP: 29/29 MP: 3/3
  1830 | D:3      | Reached skill level 1 in Maces & Flails
  1833 | D:3      | Reached XP level 4. HP: 33/35 MP: 4/4
  1894 | D:3      | Identified the +4 dagger "Dolye" {flame, rF- Int+3 Dex+3}
  1968 | D:3      | Found a runed translucent door.
  1969 | D:3      | Noticed Crazy Yiuf
  2462 | D:4      | Reached XP level 5. HP: 31/41 MP: 5/5
  2543 | D:4      | Reached skill level 5 in Dodging
  2966 | D:4      | Noticed a wyvern
  2976 | D:4      | Killed a wyvern
  2977 | D:4      | Gained mutation: Spells you cast may paralyse adjacent
                  | enemies. [demonic ancestry]
  2977 | D:4      | Reached XP level 6. HP: 10/47 MP: 6/6
  3115 | D:4      | Learned a level 1 spell: Summon Small Mammal
  3167 | D:4      | Noticed a water moccasin
  3180 | D:4      | Killed a water moccasin
  3181 | D:4      | Reached skill level 1 in Spellcasting
  3181 | D:4      | Reached skill level 1 in Summonings
  3181 | D:4      | Gained mutation: You regenerate magic rapidly. [demonic
                  | ancestry]
  3181 | D:4      | Reached XP level 7. HP: 52/52 MP: 6/8
  3435 | D:4      | Noticed Sigmund
  3444 | D:4      | Killed Sigmund
  3578 | D:5      | Entered Level 5 of the Dungeon
  4228 | D:5      | Gained mutation: Your movements are slightly less
                  | encumbered by armour. (ER -2) [demonic ancestry]
  4228 | D:5      | Reached XP level 8. HP: 41/58 MP: 13/13
  4687 | D:5      | Found a runed translucent gate.
  4687 | D:5      | Noticed HobsGoblin's ghost (novice TeCj)
  4688 | D:5      | Found a runed translucent gate.
  4689 | D:5      | Found a runed translucent gate.
  5041 | D:6      | Reached skill level 5 in Summonings
  5075 | D:6      | Reached skill level 5 in Spellcasting
  5079 | D:6      | Learned a level 3 spell: Call Canine Familiar
  5339 | D:6      | Noticed a troll
  5354 | D:6      | Killed a troll
  5355 | D:6      | Reached skill level 5 in Fighting
  5441 | D:6      | Found the +18 Lear's hauberk
  5473 | D:6      | Noticed a two-headed ogre
  5487 | D:6      | Killed a two-headed ogre
  5488 | D:6      | Reached skill level 7 in Fighting
  5488 | D:6      | Gained mutation: When hurt, damage is shared between your
                  | health and your magic reserves. [demonic ancestry]
  5488 | D:6      | Reached XP level 9. HP: 29/72 MP: 16/16
  5880 | D:6      | Reached skill level 1 in Armour
  6231 | D:7      | Found a staircase to the Ecumenical Temple.
  6256 | Temple   | Entered the Ecumenical Temple
  6375 | Temple   | Became a worshipper of Hepliaklqana the Forgotten
  6375 | Temple   | Reached * piety under Hepliaklqana
  6375 | Temple   | Reached ** piety under Hepliaklqana
  6376 | Temple   | Remembered your ancestor Qinisela as a knight
  6403 | D:7      | Found a runed translucent door.
  6405 | D:7      | Found a runed translucent door.
  6556 | D:7      | Noticed a troll
  6568 | D:7      | Killed a troll
  6569 | D:7      | Reached skill level 8 in Fighting
  6635 | D:7      | Noticed Dowan
  6636 | D:7      | Noticed Duvessa
  6717 | D:7      | Found an ancient bone altar of Kikubaaqudgha.
  6796 | D:7      | Found Cymir's Antique Armour Emporium.
  6909 | D:7      | Killed Duvessa
  6913 | D:7      | Killed Dowan
  7108 | D:7      | Reached XP level 10. HP: 65/72 MP: 17/17
  7542 | D:8      | Noticed a skeletal warrior
  7944 | D:8      | Found Maunough's Jewellery Emporium.
  8113 | D:8      | Reached *** piety under Hepliaklqana
  8646 | D:8      | Reached skill level 5 in Maces & Flails
  8648 | D:8      | Reached skill level 5 in Armour
  9081 | D:9      | Noticed a two-headed ogre
  9093 | D:9      | Killed a two-headed ogre
  9146 | D:9      | Found Hagab's Book Emporium.
  9333 | D:9      | Reached **** piety under Hepliaklqana
  9422 | D:9      | Noticed a two-headed ogre
  9433 | D:9      | Killed a two-headed ogre
  9506 | D:9      | Reached XP level 11. HP: 72/77 MP: 14/18
  9636 | D:9      | Found a shadowy altar of Dithmenos.
 10142 | D:10     | Entered Level 10 of the Dungeon
 10464 | D:10     | Found a staircase to the Lair.
 10685 | D:10     | Found a sparkling altar of Nemelex Xobeh.
 10688 | D:10     | Found a hide-covered altar of Uskayaw.
 10834 | D:10     | Found a staircase to the Orcish Mines.
 10857 | D:10     | Reached ***** piety under Hepliaklqana
 10872 | D:10     | Noticed a two-headed ogre
 10886 | D:10     | Killed a two-headed ogre
 10887 | D:10     | Reached skill level 10 in Summonings
 10887 | D:10     | Found a flagged portal.
 11251 | Lair:1   | Entered Level 1 of the Lair of Beasts
 11422 | Lair:1   | Identified the +6 buckler "Bifreaf" {Rampage Str+3}
 11681 | Lair:1   | Reached skill level 10 in Maces & Flails
 11885 | Lair:1   | Found the +8 whip "Snakebite" {venom, curare, rPois}
 12642 | Lair:2   | Reached XP level 12. HP: 82/82 MP: 17/19
 13295 | Lair:2   | Reached skill level 1 in Shields
 13628 | Lair:2   | Found a blossoming altar of Fedhas.
 13628 | Lair:2   | Reached ****** piety under Hepliaklqana
 13901 | Lair:3   | Got the Volume of the Forceful Band
 14013 | Lair:3   | Noticed a four-headed hydra
 14023 | Lair:3   | Killed a four-headed hydra
 14045 | Lair:3   | Found a staircase to the Snake Pit.
 14239 | Lair:3   | Found an ornate altar of the Wu Jian Council.
 14542 | Lair:3   | Found a staircase to the Shoals.
 15131 | Lair:4   | Reached skill level 9 in Fighting
 15211 | Lair:4   | Found a staircase to the Slime Pits.
 15433 | Lair:4   | Found a viscous altar of Jiyva.
 15597 | Lair:4   | Found an iron altar of Okawaru.
 15808 | Lair:4   | Reached XP level 13. HP: 90/90 MP: 16/20
 16080 | Lair:5   | Entered Level 5 of the Lair of Beasts
 16165 | Lair:5   | Identified the +4 chain mail of Ytomn {rN++}
 16166 | Lair:5   | Reached skill level 5 in Shields
 16213 | Lair:5   | Noticed a dire elephant
 16213 | Lair:5   | Noticed a dire elephant
 16213 | Lair:5   | Noticed a dire elephant
 16226 | Lair:5   | Killed a dire elephant
 16348 | Lair:5   | Reached skill level 10 in Fighting
 17172 | Lair:5   | Gained mutation: You are clumsy. (Dex -2) [a neqoxec]
 17309 | Lair:5   | Killed a dire elephant
 17310 | Lair:5   | Reached skill level 10 in Dodging
 17356 | Lair:5   | Killed a dire elephant
 17814 | Lair:5   | Reached skill level 11 in Fighting
 18085 | Orc:1    | Entered Level 1 of the Orcish Mines
 18328 | Orc:1    | Reached XP level 14. HP: 78/101 MP: 13/21
 18536 | D:8      | Bought a +4 ring of slaying for 1092 gold pieces
 18905 | Orc:2    | Entered Level 2 of the Orcish Mines
 18905 | Orc:2    | Found a staircase to the Elven Halls.
 18979 | Orc:2    | Found a gate leading to a gauntlet.
 18987 | Gauntlet | Entered a Gauntlet
 18987 | Gauntlet | Found a transporter.
 18987 | Gauntlet | Found a transporter.
 19003 | Gauntlet | Found a transporter.
 19021 | Gauntlet | Found a transporter.
 19021 | Gauntlet | Found a transporter.
 19058 | Gauntlet | Found a transporter.
 19139 | Gauntlet | Found a transporter.
 19164 | Gauntlet | Found a transporter.
 19164 | Gauntlet | Found a transporter.
 19165 | Gauntlet | Found a transporter.
 19165 | Gauntlet | Found a transporter.
 19192 | Gauntlet | Reached skill level 1 in Invocations
 19234 | Gauntlet | Found a runed translucent gate.
 19234 | Gauntlet | Found a runed translucent gate.
 19234 | Gauntlet | Found a runed translucent gate.
 19278 | Gauntlet | Found a transporter.
 19311 | Gauntlet | Identified the scarf of the Candlemaker {repulsion, Fly
                  | Str+2 Int-2 Dex+3}
 19550 | Orc:2    | Found Tahele Leugh's Firing Range.
 19888 | Orc:2    | Reached skill level 12 in Fighting
 19935 | Orc:2    | Paralysed by an orc sorcerer for 4 turns
 20198 | Orc:2    | Noticed an orc warlord
 20199 | Orc:2    | Reached skill level 5 in Invocations
 20367 | Orc:2    | Killed an orc warlord
 20464 | Orc:2    | Found Ismaqun's General Store.
 20465 | Orc:2    | Found Yleris's Jewellery Emporium.
 20467 | Orc:2    | Found Jylibaakh's Antique Armour Shoppe.
 20467 | Orc:2    | Found Nacvokam's Antique Weapon Shoppe.
 20760 | D:10     | Lost mutation: You are clumsy. (Dex -2) [potion of
                  | mutation]
 20760 | D:10     | Gained mutation: You have large cloven feet. [potion of
                  | mutation]
 20760 | D:10     | Gained mutation: You have sharp fingernails. [potion of
                  | mutation]
 20769 | D:10     | Learned a level 4 spell: Summon Lightning Spire
 21087 | D:11     | Identified the +0 leather armour "Muraf" {Fly Str+3 Stlth+}
 22287 | D:13     | Found Xiukihem's Weapon Boutique.
 22891 | D:13     | Found a gate to the Vaults.
 23416 | D:8      | Bought a +4 ring of slaying for 1092 gold pieces
 23743 | D:14     | Reached XP level 15. HP: 109/109 MP: 24/24
 24358 | D:15     | Entered Level 15 of the Dungeon
 24452 | D:15     | Found a staircase to the Depths.
 24503 | D:15     | Reached skill level 13 in Fighting
 25600 | Shoals:1 | Entered Level 1 of the Shoals
 25766 | Shoals:1 | Reached skill level 10 in Armour
 26328 | Shoals:2 | Reached skill level 14 in Fighting
 26333 | Shoals:2 | Found a runed translucent gate.
 26334 | Shoals:2 | Noticed Aral's ghost (adept MiBe)
 26370 | Shoals:2 | Found a runed translucent gate.
 26371 | Shoals:2 | Found a runed translucent gate.
 26383 | Shoals:2 | Lost mutation: You have sharp fingernails. [potion of
                  | mutation]
 26383 | Shoals:2 | Lost mutation: You have large cloven feet. [potion of
                  | mutation]
 26383 | Shoals:2 | Gained mutation: Your flesh is heat resistant. (rF+)
                  | [potion of mutation]
 26383 | Shoals:2 | Gained mutation: You are dopey. (Int -2) [potion of
                  | mutation]
 26383 | Shoals:2 | Gained mutation: Your magical capacity is low. (-10% MP)
                  | [potion of mutation]
 26383 | Shoals:2 | Gained mutation: Your flesh is cold resistant. (rC+)
                  | [potion of mutation]
 26384 | Shoals:2 | Lost mutation: Your magical capacity is low. (-10% MP)
                  | [potion of mutation]
 26384 | Shoals:2 | Lost mutation: You are dopey. (Int -2) [potion of mutation]
 26384 | Shoals:2 | Gained mutation: Your flesh is very heat resistant. (rF++)
                  | [potion of mutation]
 26384 | Shoals:2 | Gained mutation: Your spells are a little harder to cast,
                  | but a little more powerful. [potion of mutation]
 26384 | Shoals:2 | Gained mutation: Your muscles are strong. (Str +4, Int/Dex
                  | -1) [potion of mutation]
 26473 | Shoals:2 | Gained mutation: When low on magic, you restore magic in
                  | place of health. [demonic ancestry]
 26473 | Shoals:2 | Reached XP level 16. HP: 86/119 MP: 15/28
 26864 | Shoals:2 | Found a shimmering altar of Xom.
 26867 | Shoals:2 | Noticed a kraken
 26934 | Shoals:2 | Killed a kraken
 27145 | Shoals:1 | Noticed Donald
 27166 | Shoals:1 | Killed Donald
 27170 | Shoals:1 | Killed from afar by a water nymph

Illustrated notes

Levels and vault maps discovered:
D:1:      lightli_arrival_flooded_house, layout_loops_ring
D:2:      layout_loops_corners
D:3:      layout_rooms, chequers_hall_statues_wall_a, uniq_crazy_yiuf_cottage
D:4:      layout_gridville, uniq_sigmund
D:5:      layout_gridville, biasface_ghost_orc_armoury
D:6:      layout_basic, hellmonk_guarded_unrand_lears
D:7:      lemuel_insect_pit, layout_cave_pools,
          mainiacjoe_overflow_cross_hatched, minmay_temple_entry_glass,
          serial_shops, shop, uniq_duvessa
D:8:      nzn_winding_woodlands_small [nzn_winding_woodlands_5x15_sidewinder,
          nzn_winding_woodlands_center_lodge,
          nzn_winding_woodlands_5x15_jagged], layout_loops_ring,
          gup_ossuary_entry_pyramid, minmay_shop_enchanted_jewellery,
          nicolae_wwwww
D:9:      layout_cave_pods, lemuel_round_altar, serial_shops,
          nicolae_square_shop
D:10:     layout_stronghold, minitemple, erik_lair_orcish_takeover, orc_0_dummy,
          enter_bailey_2, kennysheep_generic_room_14
D:11:     layout_basic
D:12:     layout_gridville
D:13:     layout_loops_ring, david_vaults_4, serial_shops,
          nicolae_shop_statue_plus, grunt_ministairs_5
D:14:     layout_irregular_city
D:15:     gammafunk_depths_entry_grave, layout_basic
Temple:   compressed_dpeg_circular_temple
Lair:1:   minmay_guarded_unrand_snakebite, layout_hall_layers,
          grunt_megastairs_5, infiniplex_staircase_pool_2
Lair:2:   layout_cave_shapes, tgw_fedhas
Lair:3:   layout_layer_cave, shoals_dummy_entry, guppyfry_snake_entry_island,
          basic_altar, grunt_megastairs_2
Lair:4:   layout_regular_city, nicolae_slime_entry_field_trip, basic_altar,
          minivault_25, lemuel_fruit_tree
Lair:5:   due_jungle_book, layout_gridlike, minmay_hedge_maze
Shoals:1: nicolae_shoals_deep_elves_summer_vacation, layout_shoals,
          nicolae_shop_clearance, uniq_donald
Shoals:2: layout_shoals, gammafunk_ghost_tricky_traps,
          wheals_shoals_ruined_temple
Shoals:3: layout_shoals, nicolae_shoals_undead_eyrie
Orc:1:    layout_caves, nicolae_orc_sculptors_studio
Orc:2:    st_orc_congregation, layout_caves, gauntlet_entry_generic,
          nicolae_orc_stony_grotto, nicolae_shop_firing_range

Skill      XL: |  1  2  3  4  5  6  7  8  9 10 11 12 13 14 15 |
---------------+----------------------------------------------+-----
Dodging        | 3 4 6 7 10 | 10.0
Unarmed Combat | 3 |  3.0
Maces & Flails | 1 3 6 10 11 12 | 12.0
Spellcasting   | 1 3 5 6 8 |  8.9
Summonings     | 1 4 5 6 8 10 12 | 12.7
Fighting       | 7 8 9 11 12 14 | 14.4
Armour         | 3 5 7 9 10 | 10.0
Shields        | 4 5 |  5.0
Invocations    | 7 |  7.0

Action                     |  1- 3 |  4- 6 |  7- 9 | 10-12 | 13-15 | 16-18 || total
---------------------------+-------+-------+-------+-------+-------+-------++-------
  Melee: Unarmed           |    89 |       |       |       |       |       ||    89
         Headbutt          |    17 |    33 |    98 |   207 |   385 |    22 ||   762
         Whip              |    23 |    12 |   117 |   333 |  1253 |    80 ||  1818
         Dagger            |       |    86 |   153 |       |       |       ||   239
         Mace              |       |       |    27 |   241 |       |       ||   268
         Flail             |       |       |       |   120 |       |       ||   120
         Kick              |       |       |       |       |   263 |       ||   263
  Throw: Dart              |       |     3 |       |       |       |       ||     3
   Cast: Summon Small Mamm |       |       |    49 |   158 |   113 |    13 ||   333
         Call Canine Famil |       |       |       |    18 |    54 |     4 ||    76
 Invoke: Recall Ancestor   |       |       |     1 |     5 |     8 |       ||    14
         Ancestor Life: Kn |       |       |     1 |       |       |       ||     1
    Use: Scroll            |       |       |     9 |    14 |     6 |     1 ||    30
         Potion            |       |       |       |       |     3 |     2 ||     5
   Stab: Paralysed         |       |       |    56 |   156 |    99 |     2 ||   313
         Distracted        |       |       |     2 |    10 |    11 |       ||    23
 Armour: Robe              |    25 |    27 |    29 |       |       |       ||    81
         Chain mail        |       |       |   178 |   426 |   452 |    36 ||  1092
  Dodge: Dodged            |    77 |    73 |   211 |   336 |   377 |    45 ||  1119
  Block: Buckler           |       |       |       |    97 |   441 |    53 ||   591
